[Event "Meltwater Champions Chess Tour 2022: Chessable Masters | Prelims"]
[White "Hansen, Eric"]
[Black "Grandelius, Nils"]
[WhiteFideId "2606771"]
[BlackFideId "1710400"]
[WhiteElo "2579"]
[BlackElo "2652"]
[Result "1-0"]
[Round "09"]
[TimeControl "900+10"]
[Date "2022.05.21"]
[WhiteClock "0:00:18"]
[BlackClock "0:00:14"]

1. e4 c5 2. Nf3 d6 3. Bb5+ Bd7 4. Bxd7+ Qxd7 5. O-O Nf6 6. Re1 Nc6 7. c3 e6 8. d3 Be7 9. Nbd2 O-O 10. a4 Ng4 11. d4 cxd4 12. cxd4 d5 13. e5 f6 14. h3 Nh6 15. Nb3 fxe5 16. Nxe5 Nxe5 17. Rxe5 Nf5 18. Nc5 Bxc5 19. dxc5 Ne7 20. Qg4 Rf6 21. Rg5 Nf5 22. Bf4 h6 23. Rg6 Rxg6 24. Qxg6 Qf7 25. Qg4 Rc8 26. b4 a5 27. Be5 Ne7 28. Ra3 Nc6 29. Bb2 axb4 30. Rf3 Qe7 31. Bxg7 h5 32. Qg6 Qxg7 33. Qxe6+ Kh7 34. Qf5+ Kh6 35. Qe6+ Kh7 36. Qf5+ Kh6 37. Qxc8 Nd4 38. Rf8 Kh7 39. Qe8 Ne2+ 40. Kh2 1-0


[Site "http://www.chessbomb.com"]

[Event "Meltwater Champions Chess Tour 2022: Chessable Masters | Prelims"]
[White "Mamedyarov, Shakhriyar"]
[Black "Tari, Aryan"]
[WhiteFideId "13401319"]
[BlackFideId "1510045"]
[WhiteElo "2699"]
[BlackElo "2531"]
[Result "1/2-1/2"]
[Round "09"]
[TimeControl "900+10"]
[Date "2022.05.21"]
[WhiteClock "0:02:03"]
[BlackClock "0:01:54"]

1. d4 Nf6 2. c4 g6 3. Nc3 d5 4. Nf3 Bg7 5. h4 c5 6. dxc5 O-O 7. cxd5 Na6 8. g3 Nxc5 9. Bg2 Bf5 10. Nd4 Be4 11. Nxe4 Ncxe4 12. Nb3 e6 13. d6 a5 14. Qd3 a4 15. Bxe4 Nxe4 16. Qxe4 axb3 17. a4 Qxd6 18. O-O Qa6 19. Ra3 Qc6 20. Qb4 Ra6 21. Rxb3 Rxa4 22. Qxb7 Qc2 23. Qb5 Rd4 24. Rc3 Qe4 25. Re3 Qc2 26. b3 Rd5 27. Qc4 Rc8 28. Qxc2 Rxc2 29. Re4 Rb5 30. Rd1 Rd5 31. Rf1 Rb5 32. b4 Bf8 33. Rd4 Be7 34. Bd2 Rd5 35. Rxd5 exd5 36. Rd1 Rb2 37. Bc3 Rb3 38. Rd3 Bxb4 39. Bxb4 Rxb4 40. Rxd5 h5 41. Kg2 Kg7 42. Kf3 Rb3+ 43. e3 Rb4 44. Rd3 Ra4 45. e4 Ra2 46. Ke3 Ra1 47. f3 Rb1 48. Kf4 Rb6 49. Rd7 Rf6+ 50. Ke3 Ra6 51. Rd3 Ra5 52. Kf4 Ra7 53. g4 hxg4 54. fxg4 Ra1 55. h5 Rh1 56. Rd5 gxh5 57. gxh5 Rf1+ 58. Ke5 Kh6 59. Kd4 Rd1+ 60. Ke5 Rf1 61. Kd6 Rf6+ 62. Kc5 Rf1 63. Re5 Rh1 64. Kd6 Rxh5 65. Rxh5+ Kxh5 66. e5 Kg6 67. e6 fxe6 68. Kxe6 1/2-1/2


[Site "http://www.chessbomb.com"]

[Event "Meltwater Champions Chess Tour 2022: Chessable Masters | Prelims"]
[White "Van Foreest, Jorden"]
[Black "Giri, Anish"]
[WhiteFideId "1039784"]
[BlackFideId "24116068"]
[WhiteElo "2645"]
[BlackElo "2730"]
[Result "0-1"]
[Round "09"]
[TimeControl "900+10"]
[Date "2022.05.21"]
[WhiteClock "0:00:17"]
[BlackClock "0:00:28"]

1. Nf3 Nf6 2. b3 g6 3. Bb2 Bg7 4. g3 b5 5. Na3 b4 6. Nc4 a5 7. e4 O-O 8. e5 Ne4 9. Bg2 d5 10. Ne3 c5 11. O-O Nc6 12. Re1 Be6 13. c4 bxc3 14. dxc3 a4 15. bxa4 Nxe5 16. Nxe5 Bxe5 17. Nxd5 Bxd5 18. Bxe4 Bxe4 19. Rxe4 Qxd1+ 20. Rxd1 Bd6 21. Bc1 Ra6 22. Bg5 f6 23. Bf4 Bxf4 24. gxf4 Kf7 25. Rde1 Ra7 26. Kg2 Rd8 27. R1e2 Rd6 28. f5 gxf5 29. Rh4 Kg6 30. Re3 h6 31. Rg3+ Kf7 32. Rxh6 Rxa4 33. Rh7+ Ke6 34. h4 f4 35. Rf3 Rd8 36. Rg7 Rh8 37. Kh3 Kf5 38. Rxe7 Raa8 39. Rc7 Ke4 0-1


[Site "http://www.chessbomb.com"]

[Event "Meltwater Champions Chess Tour 2022: Chessable Masters | Prelims"]
[White "Mishra, Abhimanyu"]
[Black "Wei, Yi"]
[WhiteFideId "30920019"]
[BlackFideId "8603405"]
[WhiteElo "2524"]
[BlackElo "2752"]
[Result "1-0"]
[Round "09"]
[TimeControl "900+10"]
[Date "2022.05.21"]
[WhiteClock "0:00:12"]
[BlackClock "0:00:23"]

1. e4 c5 2. Nf3 d6 3. d4 cxd4 4. Nxd4 Nf6 5. Nc3 a6 6. Be2 e5 7. Nb3 Be7 8. Be3 Be6 9. Nd5 Nbd7 10. Qd3 O-O 11. O-O-O Bxd5 12. exd5 Nb6 13. Kb1 Nfxd5 14. Bd2 Qc8 15. Bf3 Nf6 16. Bg5 Re8 17. Bxf6 Bxf6 18. Be4 d5 19. Bxd5 Nxd5 20. Qxd5 e4 21. Qd7 Qc4 22. Qxb7 a5 23. Qd5 Qe2 24. Rhe1 Qxf2 25. Rxe4 a4 26. Nc5 Rec8 27. c3 Rab8 28. Nd3 Qa7 29. Rb4 a3 30. b3 Qc7 31. Rxb8 Rxb8 32. c4 Rd8 33. Qe4 h5 34. Nf2 Rb8 35. g3 Qa5 36. Rd3 Qc5 37. Nd1 Qg1 38. Qe2 h4 39. g4 h3 40. Kc2 1-0


[Site "http://www.chessbomb.com"]

[Event "Meltwater Champions Chess Tour 2022: Chessable Masters | Prelims"]
[White "Shankland, Sam"]
[Black "Vidit, Santosh Gujrathi"]
[WhiteFideId "2004887"]
[BlackFideId "5029465"]
[WhiteElo "2616"]
[BlackElo "2617"]
[Result "0-1"]
[Round "09"]
[TimeControl "900+10"]
[Date "2022.05.21"]
[WhiteClock "0:02:01"]
[BlackClock "0:02:08"]

1. c4 e5 2. g3 Nf6 3. Bg2 d5 4. cxd5 Nxd5 5. Nf3 Nc6 6. O-O Nb6 7. Nc3 Be7 8. a3 O-O 9. d3 Be6 10. Be3 f5 11. Rc1 Kh8 12. Na4 e4 13. Ne1 Nd5 14. Bc5 Nf6 15. Bxe7 Qxe7 16. Nc5 Bd5 17. dxe4 fxe4 18. Rc3 b6 19. Nb3 Ne5 20. Nc2 Rad8 21. Ne3 Bb7 22. Qc2 c5 23. Nd2 Nc6 24. Nb3 Qe6 25. Rc4 Ba6 26. Rxe4 Nxe4 27. Bxe4 Bxe2 28. Re1 Bf3 29. Bf5 Qh6 30. Nc4 Qh5 31. Be4 Rde8 32. Ncd2 Ne5 33. Re3 Bd1 0-1


[Site "http://www.chessbomb.com"]

[Event "Meltwater Champions Chess Tour 2022: Chessable Masters | Prelims"]
[White "Carlsen, Magnus"]
[Black "Vidit, Santosh Gujrathi"]
[WhiteFideId "1503014"]
[BlackFideId "5029465"]
[WhiteElo "2847"]
[BlackElo "2617"]
[Result "1-0"]
[Round "10"]
[TimeControl "900+10"]
[Date "2022.05.21"]
[WhiteClock "0:04:20"]
[BlackClock "0:00:22"]

1. d3 c5 2. e4 Nc6 3. f4 g6 4. Nf3 Bg7 5. Be2 d6 6. O-O Nf6 7. Qe1 O-O 8. Nc3 Nd4 9. Bd1 Bd7 10. Qh4 Bg4 11. Nxd4 cxd4 12. Ne2 Rc8 13. Qf2 Qb6 14. h3 Bxe2 15. Qxe2 Rc7 16. Qf2 Nd7 17. a4 a5 18. Ra3 Nc5 19. f5 Qc6 20. Bd2 Nxa4 21. c4 Nxb2 22. Bf3 b5 23. Bxa5 Nxd3 24. Rxd3 bxc4 25. f6 cxd3 26. fxg7 Kxg7 27. Bxc7 Qxc7 28. Qxd4+ Kg8 29. Qxd3 Qc5+ 30. Kh1 Kg7 31. Bd1 Qe5 32. Bb3 e6 33. Bd1 Ra8 34. Qf3 Rf8 35. Be2 h5 36. Bc4 Kg8 37. Rb1 Kg7 38. Rb7 Qa1+ 39. Bf1 Qf6 40. Rd7 Qe5 41. g3 Kg8 42. Bg2 Kg7 43. h4 Qd4 44. Qf4 Qe5 45. Rxd6 Qxf4 46. gxf4 Rc8 47. Rd3 Rc2 48. Kh2 Kf6 49. Kg3 Ra2 50. Bf3 Ke7 51. Rb3 Kf6 52. e5+ Kg7 53. f5 gxf5 54. Bxh5 f6 55. Rb7+ Kh6 56. Bf3 fxe5 57. Rb6 e4 58. Rxe6+ Kg7 59. Bh5 Ra5 60. Kf4 Rc5 61. Bg6 e3 62. Bxf5 Rc4+ 63. Kg5 Rc7 64. Rxe3 Kf8 65. Kh6 Kg8 66. Re8+ Kf7 67. Bg6+ Kf6 68. h5 1-0


[Site "http://www.chessbomb.com"]

[Event "Meltwater Champions Chess Tour 2022: Chessable Masters | Prelims"]
[White "Wei, Yi"]
[Black "Shankland, Sam"]
[WhiteFideId "8603405"]
[BlackFideId "2004887"]
[WhiteElo "2752"]
[BlackElo "2616"]
[Result "1/2-1/2"]
[Round "10"]
[TimeControl "900+10"]
[Date "2022.05.21"]
[WhiteClock "0:00:59"]
[BlackClock "0:01:55"]

1. d4 d5 2. c4 c6 3. Nf3 Nf6 4. Nc3 e6 5. Qd3 Nbd7 6. e4 dxc4 7. Qxc4 Be7 8. Bf4 O-O 9. Be2 c5 10. dxc5 Nxc5 11. Rd1 Bd7 12. b4 Na6 13. a3 Rc8 14. Qb3 Qb6 15. e5 Nd5 16. Nxd5 exd5 17. O-O Nc7 18. Nd4 a5 19. Be3 axb4 20. Nf5 Qe6 21. Bg4 Kh8 22. Bd4 Nb5 23. axb4 Rc4 24. Bh3 Nxd4 25. Nxd4 Qb6 26. Bxd7 Rxd4 27. b5 Qc5 28. Qf3 Re4 29. Rfe1 Rxe1+ 30. Rxe1 Qd4 31. g3 g6 32. Kg2 Kg7 33. h4 h5 34. Qe2 Ra8 35. Rd1 Qc4 36. Qf3 Bc5 37. Qxd5 Qxd5+ 38. Rxd5 b6 39. Rd2 Rd8 40. f4 Kf8 41. Rd5 Ke7 42. Bc6 Rxd5 43. Bxd5 Bd4 44. Kf3 Bc3 45. g4 Be1 46. gxh5 gxh5 47. f5 f6 48. exf6+ Kxf6 49. Bc6 Bxh4 50. Be8 Kxf5 51. Bxh5 Ke5 1/2-1/2


[Site "http://www.chessbomb.com"]

[Event "Meltwater Champions Chess Tour 2022: Chessable Masters | Prelims"]
[White "Giri, Anish"]
[Black "Mishra, Abhimanyu"]
[WhiteFideId "24116068"]
[BlackFideId "30920019"]
[WhiteElo "2730"]
[BlackElo "2524"]
[Result "1-0"]
[Round "10"]
[TimeControl "900+10"]
[Date "2022.05.21"]
[WhiteClock "0:01:09"]
[BlackClock "0:00:18"]

1. Nf3 d5 2. d4 Nf6 3. c4 c6 4. e3 e6 5. Bd3 dxc4 6. Bxc4 Nbd7 7. O-O Bd6 8. Nc3 b5 9. Bb3 b4 10. Na4 Bb7 11. e4 Nxe4 12. Re1 Nef6 13. Ng5 O-O 14. Nxe6 fxe6 15. Rxe6 Nd5 16. Rxd6 Qe7 17. Rxd7 Qxd7 18. Nc5 Qf7 19. f3 Bc8 20. Bd2 a5 21. Be1 Bf5 22. Bg3 Kh8 23. Qd2 Rfe8 24. Be5 Ra7 25. a3 Rea8 26. h3 Bg6 27. Kh2 Kg8 28. Bc4 Kh8 29. Qe1 Kg8 30. Qg3 Re8 31. Ne4 Qe7 32. h4 Kh8 33. Nd6 Rf8 34. Re1 Rd7 35. axb4 axb4 36. Rc1 Ne3 37. Ba6 Qd8 38. Rxc6 Qa5 39. Qg5 Nd5 40. Bc4 Ne7 41. Bxg7+ Kxg7 42. Qxa5 1-0


[Site "http://www.chessbomb.com"]

[Event "Meltwater Champions Chess Tour 2022: Chessable Masters | Prelims"]
[White "Tari, Aryan"]
[Black "Van Foreest, Jorden"]
[WhiteFideId "1510045"]
[BlackFideId "1039784"]
[WhiteElo "2531"]
[BlackElo "2645"]
[Result "1-0"]
[Round "10"]
[TimeControl "900+10"]
[Date "2022.05.21"]
[WhiteClock "0:00:35"]
[BlackClock "0:00:45"]

1. e4 e6 2. d4 d5 3. Nc3 Bb4 4. e5 c5 5. Bd2 Nc6 6. Nb5 Bxd2+ 7. Qxd2 Nxd4 8. Nxd4 cxd4 9. f4 Qb6 10. O-O-O Ne7 11. Nf3 Nc6 12. g4 Bd7 13. h4 O-O-O 14. Nxd4 h5 15. Nb5 Kb8 16. Nd6 Be8 17. g5 Qc7 18. Rh3 f6 19. Rb3 Na5 20. Rc3 Nc6 21. Qe1 fxe5 22. fxe5 Rf8 23. Qg3 Ka8 24. Bh3 Bd7 25. Kb1 Qa5 26. Bg2 Qa4 27. g6 Rf4 28. b3 Qa5 29. Rxc6 Rg4 30. Qc3 Qxc3 31. Rxc3 Rxg2 32. Rc7 Be8 33. Nxb7 Rb8 34. Na5 Rg4 35. Kc1 Rf4 36. Rxg7 Rc8 37. Rg8 Rg4 38. g7 Bd7 39. Rf1 Kb8 40. Rxc8+ Bxc8 41. Rf7 1-0


[Site "http://www.chessbomb.com"]

[Event "Meltwater Champions Chess Tour 2022: Chessable Masters | Prelims"]
[White "Grandelius, Nils"]
[Black "Mamedyarov, Shakhriyar"]
[WhiteFideId "1710400"]
[BlackFideId "13401319"]
[WhiteElo "2652"]
[BlackElo "2699"]
[Result "0-1"]
[Round "10"]
[TimeControl "900+10"]
[Date "2022.05.21"]
[WhiteClock "0:00:02"]
[BlackClock "0:03:37"]

1. Nf3 Nf6 2. g3 d5 3. Bg2 e6 4. O-O Be7 5. d4 O-O 6. c4 dxc4 7. Qa4 b6 8. Ne5 Qxd4 9. Bxa8 Qxe5 10. Nc3 Qh5 11. Bg2 Bc5 12. Qxc4 Ba6 13. Qh4 Bxe2 14. Qxh5 Bxh5 15. Bf4 Na6 16. a3 Bd6 17. Bxd6 cxd6 18. Rfe1 Nc5 19. b4 Nb3 20. Ra2 d5 21. Nb5 a6 22. Rb2 axb5 23. Rxb3 Rc8 24. h3 Ne8 25. g4 Bg6 26. f4 Bc2 27. Rb2 d4 28. Kf2 d3 29. Ke3 Nd6 0-1


[Site "http://www.chessbomb.com"]

[Event "Meltwater Champions Chess Tour 2022: Chessable Masters | Prelims"]
[White "Praggnanandhaa, R"]
[Black "Hansen, Eric"]
[WhiteFideId "25059530"]
[BlackFideId "2606771"]
[WhiteElo "1927"]
[BlackElo "2579"]
[Result "1-0"]
[Round "10"]
[TimeControl "900+10"]
[Date "2022.05.21"]
[WhiteClock "0:00:42"]
[BlackClock "0:00:14"]

1. d4 Nf6 2. c4 e6 3. Nf3 d5 4. Nc3 c6 5. Bg5 h6 6. Bh4 Nbd7 7. e3 Be7 8. Qc2 O-O 9. Rd1 b6 10. Be2 Bb7 11. O-O Rc8 12. e4 Nxe4 13. Bxe7 Qxe7 14. Nxe4 dxe4 15. Qxe4 Nf6 16. Qe3 Rfd8 17. Ne5 c5 18. dxc5 bxc5 19. Bf3 Bxf3 20. Qxf3 Qc7 21. Qe3 Rb8 22. b3 Ne8 23. Rd3 Nd6 24. g4 Ne8 25. Rfd1 Rxd3 26. Rxd3 Nf6 27. Kg2 Rb6 28. h4 Rd6 29. g5 hxg5 30. hxg5 Rxd3 31. Nxd3 Nd7 32. Qe4 Qd6 33. g6 Kf8 34. Qf3 f5 35. Nf4 Ke7 36. Qe3 Ne5 37. b4 Nxc4 38. Qxc5 Qxc5 39. bxc5 Ne5 40. Kg3 Kf6 41. Kh4 Nc6 42. Kh5 Ne5 43. f3 Nc6 44. Nd3 e5 45. a3 e4 46. fxe4 fxe4 47. Nf4 Kf5 48. Ng2 Ne5 49. Ne3+ Kf4 50. Nd5+ Kf3 51. Kg5 e3 52. Nc3 e2 53. Nxe2 Kxe2 54. Kf5 Nc6 55. Ke6 Kd3 56. Kf7 Kc4 57. Kxg7 Ne5 58. c6 Nxc6 59. Kf6 Nb8 60. g7 Nd7+ 61. Kf5 1-0


[Site "http://www.chessbomb.com"]

[Event "Meltwater Champions Chess Tour 2022: Chessable Masters | Prelims"]
[White "Harikrishna, Pentala"]
[Black "Ding, Liren"]
[WhiteFideId "5007003"]
[BlackFideId "8603677"]
[WhiteElo "2624"]
[BlackElo "2836"]
[Result "0-1"]
[Round "10"]
[TimeControl "900+10"]
[Date "2022.05.21"]
[WhiteClock "0:06:26"]
[BlackClock "0:06:57"]

1. e4 c5 2. c3 Nf6 3. e5 Nd5 4. Bc4 Nb6 5. Bb3 d6 6. e6 Bxe6 7. Bxe6 fxe6 8. d4 cxd4 9. cxd4 Nc6 10. Nf3 g6 11. Ng5 Qd7 12. Qf3 O-O-O 13. Nf7 Bg7 14. Nxd8 Nxd4 15. Qd3 Kxd8 16. Nc3 Qc6 17. O-O Qc4 18. Qd1 Nd5 19. Nxd5 exd5 20. Be3 Ne2+ 21. Kh1 Bxb2 22. Bxa7 Kd7 23. Rb1 Nc3 24. Qf3 Nxb1 25. Rxb1 Ra8 26. Be3 Rxa2 27. Qh3+ Kc7 28. Qxh7 Qe4 29. Re1 Ra1 30. Rxa1 Bxa1 31. h3 Kd7 32. Qg8 Be5 33. f4 Qxe3 34. fxe5 Qe1+ 0-1


[Site "http://www.chessbomb.com"]

[Event "Meltwater Champions Chess Tour 2022: Chessable Masters | Prelims"]
[White "Jones, Gawain C B"]
[Black "Anton Guijarro, David"]
[WhiteFideId "409561"]
[BlackFideId "2285525"]
[WhiteElo "2630"]
[BlackElo "2633"]
[Result "1-0"]
[Round "10"]
[TimeControl "900+10"]
[Date "2022.05.21"]
[WhiteClock "0:03:25"]
[BlackClock "0:00:49"]

1. e4 e5 2. Nf3 Nc6 3. Bb5 a6 4. Ba4 Nf6 5. d4 exd4 6. O-O Be7 7. e5 Ne4 8. Nxd4 O-O 9. Nf5 d5 10. Nxe7+ Nxe7 11. c3 Nc5 12. Bc2 Bf5 13. Na3 Qd7 14. Be3 Ne6 15. g4 Bxc2 16. Nxc2 g5 17. h4 Ng6 18. hxg5 Nxe5 19. f4 Nc4 20. Bc1 Rfe8 21. b3 Na5 22. Ne3 Rad8 23. Nf5 Ng7 24. Nh6+ Kh8 25. Qd4 Nc6 26. Qf2 d4 27. Bb2 d3 28. Rfe1 Rxe1+ 29. Rxe1 Re8 30. Rxe8+ Qxe8 31. c4 Qd7 32. Bc3 Nd8 33. Bxg7+ Kxg7 34. Qb2+ Kf8 35. Qh8+ Ke7 36. Nf5+ 1-0


[Site "http://www.chessbomb.com"]

[Event "Meltwater Champions Chess Tour 2022: Chessable Masters | Prelims"]
[White "Anton Guijarro, David"]
[Black "Carlsen, Magnus"]
[WhiteFideId "2285525"]
[BlackFideId "1503014"]
[WhiteElo "2633"]
[BlackElo "2847"]
[Result "1/2-1/2"]
[Round "11"]
[TimeControl "900+10"]
[Date "2022.05.21"]
[WhiteClock "0:00:56"]
[BlackClock "0:02:01"]

1. e4 c5 2. Nf3 Nc6 3. Bb5 e6 4. Bxc6 bxc6 5. d3 Qc7 6. O-O e5 7. c3 Nf6 8. Bg5 Be7 9. d4 cxd4 10. cxd4 d6 11. dxe5 dxe5 12. Qc2 O-O 13. Nbd2 h6 14. Be3 Be6 15. Rfc1 Rfc8 16. Bc5 Bxc5 17. Qxc5 Nd7 18. Qc3 c5 19. Nc4 f6 20. Nh4 Nb6 21. Ne3 c4 22. Nhf5 Kh7 23. Qa3 Rd8 24. Rd1 Bxf5 25. Nxf5 Rd7 26. Qf3 Rad8 27. Rxd7 Qxd7 28. h4 Qd2 29. Qa3 Rd7 30. h5 Qe2 31. Ng3 Qd3 32. Qf8 Qc2 33. Qe8 Qxb2 34. Qg6+ Kg8 35. Qe8+ Kh7 36. Qg6+ Kg8 37. Qe8+ Kh7 1/2-1/2


[Site "http://www.chessbomb.com"]

[Event "Meltwater Champions Chess Tour 2022: Chessable Masters | Prelims"]
[White "Ding, Liren"]
[Black "Jones, Gawain C B"]
[WhiteFideId "8603677"]
[BlackFideId "409561"]
[WhiteElo "2836"]
[BlackElo "2630"]
[Result "1-0"]
[Round "11"]
[TimeControl "900+10"]
[Date "2022.05.21"]
[WhiteClock "0:03:08"]
[BlackClock "0:01:22"]

1. d4 Nf6 2. c4 g6 3. Nc3 Bg7 4. e4 d6 5. Be2 O-O 6. h4 c5 7. d5 e6 8. h5 exd5 9. exd5 Re8 10. h6 Bh8 11. Bg5 Qa5 12. Bd2 Qb6 13. b3 Ne4 14. Nxe4 Rxe4 15. Rc1 Nd7 16. Nf3 Ne5 17. Ng5 Nd3+ 18. Kf1 Nb2 19. Qc2 Rxe2 20. Kxe2 Bf5 21. Ne4 Re8 22. f3 Qd8 23. Rce1 Rxe4+ 24. fxe4 Bg4+ 25. Kf1 Be5 26. Be3 f5 27. exf5 Bxf5 28. Qd2 Nd3 29. Bg5 Qf8 30. Rxe5 dxe5 31. Kg1 Qd6 32. g4 e4 33. gxf5 Qg3+ 34. Qg2 Qe5 35. Rh4 Qd4+ 36. Kh1 Qa1+ 37. Qg1 Qxa2 38. Rh2 Qxb3 39. fxg6 Ne5 40. gxh7+ Kxh7 41. Be3 Ng6 42. Rg2 1-0


[Site "http://www.chessbomb.com"]

[Event "Meltwater Champions Chess Tour 2022: Chessable Masters | Prelims"]
[White "Hansen, Eric"]
[Black "Harikrishna, Pentala"]
[WhiteFideId "2606771"]
[BlackFideId "5007003"]
[WhiteElo "2579"]
[BlackElo "2624"]
[Result "0-1"]
[Round "11"]
[TimeControl "900+10"]
[Date "2022.05.21"]
[WhiteClock "0:00:16"]
[BlackClock "0:00:40"]

1. e4 e5 2. Nf3 Nc6 3. Bb5 a6 4. Ba4 Nf6 5. d3 d6 6. Bxc6+ bxc6 7. O-O Be7 8. h3 O-O 9. Re1 c5 10. c3 Nd7 11. Nbd2 Bb7 12. Nc4 Rb8 13. Bd2 f5 14. b4 fxe4 15. dxe4 Qe8 16. Rb1 Ba8 17. Qe2 cxb4 18. cxb4 Nf6 19. Qd3 Nh5 20. Nh2 Qg6 21. Ng4 Bg5 22. Rbc1 Bxd2 23. Nxd2 Nf4 24. Qf3 h5 25. Nh2 Rf7 26. a3 Rbf8 27. Ndf1 d5 28. Rcd1 dxe4 29. Qg3 Qh6 30. Ne3 Nd3 31. h4 Nxe1 32. Rxe1 Rxf2 33. Qxe5 Rd2 34. Nhf1 Rd3 35. Qxc7 Qf6 36. Re2 Rd1 37. Qc4+ Bd5 0-1


[Site "http://www.chessbomb.com"]

[Event "Meltwater Champions Chess Tour 2022: Chessable Masters | Prelims"]
[White "Mamedyarov, Shakhriyar"]
[Black "Praggnanandhaa, R"]
[WhiteFideId "13401319"]
[BlackFideId "25059530"]
[WhiteElo "2699"]
[BlackElo "1927"]
[Result "1-0"]
[Round "11"]
[TimeControl "900+10"]
[Date "2022.05.21"]
[WhiteClock "0:01:08"]
[BlackClock "0:00:35"]

1. d4 Nf6 2. c4 e6 3. Nf3 d5 4. Nc3 c5 5. cxd5 Nxd5 6. e4 Nxc3 7. bxc3 cxd4 8. cxd4 Bb4+ 9. Bd2 Bxd2+ 10. Qxd2 O-O 11. Bc4 Nd7 12. O-O b6 13. Rfe1 Bb7 14. Rad1 Rc8 15. Bb3 Re8 16. d5 exd5 17. Nd4 Rc5 18. f3 g6 19. Nc2 Nf6 20. e5 Nd7 21. f4 Qh4 22. Nd4 Qg4 23. Ba4 Re7 24. h3 Qg3 25. Bxd7 Rxd7 26. f5 Re7 27. Re3 Qg5 28. Qf2 Rc4 29. f6 Rxe5 30. Rxe5 Qxe5 31. Re1 Qb8 32. Qf4 Qf8 33. Re7 Bc6 34. Qe3 Ba4 35. Rxa7 Bc2 36. Qe5 Be4 37. Re7 Rc8 38. Kh2 h5 39. h4 Kh8 40. Nb5 Qg8 41. Nd6 Rf8 42. Nxf7+ Rxf7 43. Re8 Kh7 44. Rxg8 Kxg8 45. Qe8+ Rf8 46. Qe6+ 1-0


[Site "http://www.chessbomb.com"]

[Event "Meltwater Champions Chess Tour 2022: Chessable Masters | Prelims"]
[White "Van Foreest, Jorden"]
[Black "Grandelius, Nils"]
[WhiteFideId "1039784"]
[BlackFideId "1710400"]
[WhiteElo "2645"]
[BlackElo "2652"]
[Result "0-1"]
[Round "11"]
[TimeControl "900+10"]
[Date "2022.05.21"]
[WhiteClock "0:02:06"]
[BlackClock "0:00:48"]

1. Nf3 Nf6 2. b3 d5 3. Bb2 Bg4 4. e3 e6 5. h3 Bh5 6. Nc3 Nbd7 7. g4 Bg6 8. d3 Bd6 9. h4 Nxg4 10. h5 Bf5 11. Nd4 Qf6 12. Qe2 Be5 13. O-O-O Bxd4 14. exd4 Qxd4 15. f3 Qe3+ 16. Rd2 Qxe2 17. Rxe2 Ngf6 18. h6 O-O-O 19. hxg7 Rhg8 20. Rg2 Bg6 21. f4 Ne8 22. Nb5 a6 23. Nd4 Nxg7 24. Rgh2 Rde8 25. Nf3 f6 26. Be2 Nf5 27. Rh3 e5 28. fxe5 fxe5 29. Ng5 h6 30. Nf3 Bh7 31. Bc3 Ng3 32. R1h2 Bf5 33. Rxh6 Nxe2+ 34. Rxe2 Bg4 35. Re3 d4 36. Nxd4 exd4 37. Rxe8+ Rxe8 38. Bxd4 b6 39. Rg6 Bf3 40. Rg3 Bc6 41. a4 Kb7 42. Re3 Rxe3 43. Bxe3 Nf6 44. Kb2 Bf3 45. Bd4 Nd5 46. Kc1 Kc6 47. Kd2 Bh5 48. Bf2 Nf4 49. Bg3 Ne6 50. Bf2 Kd5 51. Bg3 Kc5 52. Kc3 Bg4 53. Bf2+ Kd5 54. Bg3 c6 55. Bf2 b5 56. axb5 cxb5 57. Kb4 Bd1 58. c4+ Kc6 59. d4 Nf4 60. d5+ Kb7 61. Be3 Nd3+ 62. Kc3 Ne5 63. Bd4 Nf3 64. Be3 Nh4 65. c5 Bf3 66. c6+ Kc8 67. Kb4 Nf5 68. Bf4 Bxd5 69. Ka5 Bxc6 70. Kxa6 Nd4 71. Kb6 Bd7 72. b4 Kd8 73. Be3 Nc2 74. Bc5 Ne1 75. Bd6 Nd3 76. Kb7 Be8 77. Bf8 Kd7 78. Kb6 Ke6 0-1


[Site "http://www.chessbomb.com"]

[Event "Meltwater Champions Chess Tour 2022: Chessable Masters | Prelims"]
[White "Mishra, Abhimanyu"]
[Black "Tari, Aryan"]
[WhiteFideId "30920019"]
[BlackFideId "1510045"]
[WhiteElo "2524"]
[BlackElo "2531"]
[Result "0-1"]
[Round "11"]
[TimeControl "900+10"]
[Date "2022.05.21"]
[WhiteClock "0:01:03"]
[BlackClock "0:03:33"]

1. e4 c6 2. d4 d5 3. e5 Bf5 4. Nd2 e6 5. Nb3 Nd7 6. Nf3 Qc7 7. Be2 f6 8. O-O fxe5 9. dxe5 Nxe5 10. Nfd4 Nf6 11. Bg5 Ne4 12. Be3 Bd6 13. g4 Bg6 14. f4 Bf7 15. fxe5 Bxe5 16. Rf3 Bxh2+ 17. Kg2 Be5 18. Qf1 O-O 19. Bd3 Qe7 20. Bxe4 dxe4 21. Rh3 c5 22. Ne2 Bg6 23. Qe1 Rf3 24. Ng1 Rf7 25. Qe2 b6 26. c3 Raf8 27. Nd2 Bf4 28. Bxf4 Rxf4 29. Rf1 e5 30. Rg3 Qb7 31. Qe3 Rd8 32. Nh3 Rxd2+ 33. Kg1 Rxf1+ 34. Kxf1 Qd7 35. Nf2 Rxb2 36. Rg1 Qd2 37. Rg3 Qxe3 38. Rxe3 Rxa2 39. Nxe4 Bxe4 40. Rxe4 Rc2 41. c4 h6 42. Ke1 a5 43. Kd1 Rg2 44. Rxe5 Rxg4 0-1


[Site "http://www.chessbomb.com"]

[Event "Meltwater Champions Chess Tour 2022: Chessable Masters | Prelims"]
[White "Shankland, Sam"]
[Black "Giri, Anish"]
[WhiteFideId "2004887"]
[BlackFideId "24116068"]
[WhiteElo "2616"]
[BlackElo "2730"]
[Result "1/2-1/2"]
[Round "11"]
[TimeControl "900+10"]
[Date "2022.05.21"]
[WhiteClock "0:01:36"]
[BlackClock "0:01:06"]

1. c4 Nf6 2. Nc3 c5 3. Nf3 e6 4. e3 Nc6 5. d4 d5 6. cxd5 exd5 7. Bb5 cxd4 8. Nxd4 Bd7 9. O-O Bd6 10. Nf3 Bg4 11. h3 Bh5 12. Be2 O-O 13. b3 a6 14. Bb2 Re8 15. Rc1 Bc7 16. Nh4 Bg6 17. Nxg6 hxg6 18. Bf3 Be5 19. Na4 Bxb2 20. Nxb2 Qd6 21. Nd3 Rad8 22. Qc2 Rc8 23. Qb2 Ne7 24. Nf4 g5 25. Ne2 Ng6 26. Nd4 Ne5 27. Be2 g6 28. Nf3 Nxf3+ 29. Bxf3 Ne4 30. Qd4 Rc6 31. Rxc6 bxc6 32. Rc1 c5 33. Qa4 Nf6 34. Qa5 Rc8 35. Rd1 Qe6 36. Qd2 Rd8 37. Rc1 Qd6 38. Qd3 Rc8 39. g3 Rc7 40. Kg2 Qe6 41. b4 c4 42. Qd4 Ne4 43. Bxe4 Qxe4+ 44. Qxe4 dxe4 45. Kf1 f5 46. Ke2 c3 47. a4 Rc4 48. b5 Rxa4 49. bxa6 Rxa6 50. Rxc3 Kf7 51. Kf1 Kf6 1/2-1/2


[Site "http://www.chessbomb.com"]

[Event "Meltwater Champions Chess Tour 2022: Chessable Masters | Prelims"]
[White "Vidit, Santosh Gujrathi"]
[Black "Wei, Yi"]
[WhiteFideId "5029465"]
[BlackFideId "8603405"]
[WhiteElo "2617"]
[BlackElo "2752"]
[Result "1-0"]
[Round "11"]
[TimeControl "900+10"]
[Date "2022.05.21"]
[WhiteClock "0:00:37"]
[BlackClock "0:00:08"]

1. e4 c5 2. Nf3 d6 3. d4 cxd4 4. Nxd4 Nf6 5. Nc3 a6 6. Qd3 Nbd7 7. Be2 b5 8. Nd5 Bb7 9. a4 Nc5 10. Nxf6+ gxf6 11. Qe3 bxa4 12. f3 h5 13. Qf2 e6 14. O-O Qb6 15. b3 axb3 16. Nxb3 Bh6 17. Bxh6 Rxh6 18. Rfb1 Qc7 19. Nxc5 dxc5 20. Qg3 Qxg3 21. hxg3 Bc8 22. Ra5 h4 23. gxh4 Rxh4 24. Rxc5 a5 25. Rc7 Rh7 26. Bb5+ Kd8 27. Rc5 Ra7 28. Rd1+ Bd7 29. Bxd7 Rxd7 30. Rxd7+ Kxd7 31. Rxa5 Kd6 32. Ra7 Ke5 33. Kf2 f5 34. Ra5+ Kf6 35. exf5 e5 36. Ke3 Rh2 37. Kf2 Kxf5 38. Ra1 Ke6 39. Ra6+ Kf5 40. c4 Rh1 41. Ke3 Rc1 42. Kd3 Kg5 43. Ra2 Kf5 44. Rc2 Rd1+ 45. Ke3 Ke6 46. c5 Rd8 47. g4 Rc8 48. c6 Kd5 49. c7 f6 50. Rc1 1-0


[Site "http://www.chessbomb.com"]